AoeStats
← 扫清六合 席卷八荒

Arabia

510236499Analyzed
1v1 RM · 2d ago on Sep 30, 2026· 35m 10s· 2 players
Game mode
Random Map
Map size
Tiny (2 player)
Population
200
Speed
Normal
Resources
Standard
Victory
Conquest
Starting age
Dark Age
Ending age
Imperial Age
RankedLock teamsTeams togetherTeam positionsShared explorationLock speedFull tech treeHidden civsTurbo modeCheats
Victory
Defeat
1261
+13
🇻🇳 Franks · Vietnam
1205
-13
phuochoang1510
7:51 Loom
10:16 Feudal Age
21:37 Castle Age
19:53 Forging
20:19 Scale Barding Armor
22:01 Double-Bit Axe
22:29 Husbandry
30:14 Fletching
35:11 Padded Archer Armor
扫清六合 席卷八荒
6:29 Loom
9:16 Feudal Age
9:43 Double-Bit Axe
19:27 Castle Age
17:59 Fletching
18:29 Bloodlines
18:31 Gold Mining
18:44 Horse Collar
20:16 Bodkin Arrow
21:38 Ballistics
21:36 Bow Saw
24:58 Wheelbarrow
24:08 Town Watch
27:30 Thumb Ring
30:38 Squires
33:09 Husbandry
Connection lost

Rejoining the realm…

Still unreachable

The connection could not be restored.

Session expired

The server has moved on; the page needs a fresh start.